 Dungeon Sprint DCSS version 0.17-a0-1830-g81820eb (webtiles) character file.

8501 Kidiri the Peltast (level 11, -6/96 (102) HPs)
             Began as a Minotaur Fighter on Sept 13, 2015.
             Was a High Priest of Okawaru.
             Succumbed to a death drake's dark miasma
             ... in the Dungeon (Sprint III: "The Ten Rune Challenge").
             The game lasted 00:14:59 (3470 turns).

Kidiri the Peltast (Minotaur Fighter)               Turns: 3470, Time: 00:14:59

HP:   -6/96 (102)   AC: 19    Str: 20    XL:     11   Next: 10%
MP:   15/16         EV: 17    Int:  5    God:    Okawaru [*****.]
Gold: 56            SH: 16    Dex: 16    Spells: 0 memorised, 10 levels left

rFire  . . .     SeeInvis .     a - +0 flail
rCold  . . .     Clarity  .     g - +2 chain mail {MR+}
rNeg   . . .     SustAt   .     c - +0 shield
rPois  .         Gourm    .     (helmet restricted)
rElec  .         Spirit   .     n - +0 cloak
rCorr  .         Warding  .     (no gloves)
rMut   .         NoTele   +     (no boots)
MR     +....                    (no amulet)
Stlth  ..........               (no ring)
                                (no ring)

@: lethally poisoned (-6 -> -115), heroism, non-regenerating, diseased, slowed,
very slow, somewhat resistant to hostile enchantments, extremely unstealthy
A: retaliatory headbutt, hooves 1, horns 2, thin skeletal structure 1, blink,
blurry vision 1
a: Blink, Heroism, Finesse, Renounce Religion


You were in the Dungeon.
You worshipped Okawaru.
Okawaru was extremely pleased with you.
You were not hungry.

You visited 1 branch You collected 56 gold pieces.

Inventory:

Hand weapons
 a - a +0 flail (weapon)
 m - a +0 shortbow
Missiles
 e - 58 arrows
Armour
 c - a +0 shield (worn)
 g - a +2 chain mail of magic resistance (worn)
 n - a +0 cloak (worn)
Scrolls
 k - a scroll of blinking
 l - 2 scrolls of holy word {unknown}
 p - 3 scrolls of enchant weapon {unknown}
 t - a scroll of immolation {unknown}
Potions
 d - a potion of might
 h - a potion of haste
 i - 2 potions of magic
 j - a potion of berserk rage
 r - 2 potions of brilliance {unknown}
 s - a potion of flight
 v - a potion of ambrosia
 w - a potion of lignification
Comestibles
 q - 24 royal jellies


   Skills:
 + Level 11.5(16.5) Fighting
 * Level 15.2(20.2) Maces & Flails
 * Level 15.3(20.3) Armour
 + Level 10.4(15.4) Dodging
 * Level 15.3(20.3) Shields
 + Level 8.0 Invocations


You had 10 spell levels left.
You didn't know any spells.

Dungeon Overview and Level Annotations

Branches:
Dungeon (1/1)

Altars:
Cheibriados
Dithmenos
Elyvilon
Fedhas
Gozag
Kikubaaqudgha
Makhleb
Nemelex Xobeh
Okawaru
Qazlal
Ru
Sif Muna
Trog
Vehumet
Xom
Yredelemnul
Zin
The Shining One
Jiyva
Lugonu


Innate Abilities, Weirdness & Mutations

You reflexively headbutt those who attack you in melee.
You have a pair of horns on your head.
You have large cloven feet.
You have a somewhat thin skeletal structure (Dex +2, Stealth).
You can translocate small distances at will.
Scrolls take you a little longer to read.


Message History

* * * LOW HITPOINT WARNING * * *
x2 You feel extremely sick.
The death drake bites you.
* * * LOW HITPOINT WARNING * * *
Drink which item? (? for menu, Esc to quit)
Okay, then.
Use which ability?
You fail to use your ability.
* * * LOW HITPOINT WARNING * * *
You feel extremely sick. The death drake closely misses you.
The death drake breathes miasma at you. The foul vapour misses you.
All of the chunks of flesh in your inventory have rotted away.
You sock the death drake!
The death drake is moderately wounded.
You are engulfed in dark miasma.
You are more poisoned.
You feel your flesh rotting away!
* * * LOW HITPOINT WARNING * * *
You die...

#.÷♣♣♣♣♣♣♣♣♣♣♣♣♣♣♣♣..##.#.#.
#..♣♣ ♣♣♣##+####
###%♣♣♣♣♣♣♣♣♣♣♣♣♣♣♣
♣♣♣♣.##..##≈≈≈≈≈≈..#
♣%..##.##.#≈≈≈≈≈...#
♣♣.##.##.##'≈≈≈≈§####
♣..#.##.[.#≈§§.§§.§§
♣♣.##.##..#§§.+####
♣♣.##.#####@§.#
♣.....##.§k§§.#
########+######


You could see a death drake.

Vanquished Creatures
  Maud (D)
  A centaur warrior (D)
  Erica (D)
  An unseen horror (D)
  A lindwurm (D)
  2 spiny frogs (D)
  3 wandering mushrooms (D)
  A komodo dragon (D)
  A deep elf priest (D)
  A queen bee (D)
  3 redbacks (D)
  A shadow (D)
  A spatial vortex (D)
  A necrophage (D)
  2 centaurs (D)
  An earth elemental (D)
  2 brain worms (D)
  A water elemental (D)
  32 killer bees (D)
  An electric eel (D)
  A jelly (D)
  Crazy Yiuf (D)
  Jessica (D)
  A wizard (D)
  A necromancer (D)
  3 humans (D)
  A kobold demonologist (D)
  2 oozes (D)
  A rat (D)
  A ballistomycete (D)
  A giant spore (D)
  2 plants (D)
74 creatures vanquished.

Vanquished Creatures (others)
  2 draconian scorchers (D)
  2 hydras (D)
  2 yaktaurs (D)
  4 plants (D)
10 creatures vanquished.

Grand Total: 84 creatures vanquished

Notes
Turn   | Place    | Note
--------------------------------------------------------------
     0 | D        | Kidiri the Minotaur Fighter began the quest for the Orb.
     0 | D        | Reached XP level 1. HP: 19/19 MP: 0/0
     3 | D        | Reached skill level 4 in Armour
     5 | D        | Reached skill level 1 in Dodging
     5 | D        | Reached XP level 2. HP: 25/27 MP: 1/1
    30 | D        | Noticed Jessica
    37 | D        | Killed Jessica
    37 | D        | Reached skill level 5 in Armour
    37 | D        | Reached skill level 5 in Shields
    37 | D        | Reached XP level 3. HP: 30/34 MP: 2/2
   224 | D        | Killed a white draconian scorcher
   263 | D        | Killed a yaktaur
   275 | D        | Killed a white draconian scorcher
   293 | D        | Noticed Crazy Yiuf
   310 | D        | Killed Crazy Yiuf
   310 | D        | Reached skill level 5 in Fighting
   310 | D        | Reached skill level 5 in Maces & Flails
   310 | D        | Reached skill level 6 in Armour
   310 | D        | Reached XP level 4. HP: 11/42 MP: 3/3
   561 | D        | Gained mutation: You are dopey. (Int -2) [potion of mutation]
   561 | D        | Gained mutation: You can translocate small distances at will. [potion of mutation]
   562 | D        | Lost mutation: You are dopey. (Int -2) [potion of mutation]
   562 | D        | Gained mutation: You occasionally shout uncontrollably at your foes. [potion of mutation]
   562 | D        | Gained mutation: You have a somewhat thin skeletal structure (Dex +2, Stealth). [potion of mutation]
   563 | D        | Gained mutation: Scrolls take you a little longer to read. [potion of mutation]
   563 | D        | Gained mutation: You have large cloven feet. [potion of mutation]
   563 | D        | Lost mutation: You occasionally shout uncontrollably at your foes. [potion of mutation]
   586 | D        | Noticed a water elemental
   594 | D        | Killed a water elemental
   594 | D        | Reached skill level 7 in Armour
   594 | D        | Reached XP level 5. HP: 41/48 MP: 4/4
   652 | D        | Found an iron altar of Okawaru.
   652 | D        | Found a bloodstained altar of Trog.
   652 | D        | Noticed a human
   653 | D        | Noticed a human
   693 | D        | Killed a human
   693 | D        | Reached skill level 8 in Maces & Flails
   693 | D        | Reached XP level 6. HP: 21/58 MP: 5/5
   700 | D        | Killed a human
   700 | D        | Reached skill level 9 in Maces & Flails
   700 | D        | Reached skill level 5 in Dodging
   746 | D        | Became a worshipper of Warmaster Okawaru
   877 | D        | Found a glowing silver altar of Zin.
   878 | D        | Found a glowing golden altar of the Shining One.
   878 | D        | Found a white marble altar of Elyvilon.
   878 | D        | Noticed a deep elf priest
   887 | D        | Killed a deep elf priest
   887 | D        | Reached skill level 10 in Armour
   887 | D        | Reached skill level 10 in Shields
   887 | D        | Reached XP level 7. HP: 38/66 MP: 5/7
  1068 | D        | Found a radiant altar of Vehumet.
  1069 | D        | Noticed a wizard
  1074 | D        | Killed a wizard
  1074 | D        | Acquired Okawaru's first power
  1083 | D        | Found a deep blue altar of Sif Muna.
  1083 | D        | Found an ancient bone altar of Kikubaaqudgha.
  1217 | D        | Found a basalt altar of Yredelemnul.
  1217 | D        | Found a snail-covered altar of Cheibriados.
  1217 | D        | Found a blossoming altar of Fedhas.
  1217 | D        | Noticed a necrophage
  1217 | D        | Noticed a necromancer
  1218 | D        | Killed a necromancer
  1218 | D        | Reached skill level 10 in Maces & Flails
  1223 | D        | Killed a necrophage
  1234 | D        | Noticed a jelly
  1235 | D        | Noticed a shadow
  1239 | D        | Killed a shadow
  1243 | D        | Killed a jelly
  1275 | D        | Found a stormy altar of Qazlal.
  1276 | D        | Found a sacrificial altar of Ru.
  1276 | D        | Found a burning altar of Makhleb.
  1276 | D        | Found a viscous altar of Jiyva.
  1276 | D        | Found a shimmering altar of Xom.
  1276 | D        | Found a shadowy altar of Dithmenos.
  1276 | D        | Found a sparkling altar of Nemelex Xobeh.
  1276 | D        | Found a corrupted altar of Lugonu.
  1276 | D        | Found an opulent altar of Gozag.
  1276 | D        | Noticed a spatial vortex
  1292 | D        | Killed a spatial vortex
  1292 | D        | Reached skill level 11 in Armour
  1292 | D        | Reached XP level 8. HP: 44/74 MP: 9/9
  1432 | D        | Noticed Erica
  1462 | D        | Killed Erica
  1719 | D        | Noticed an earth elemental
  1736 | D        | Killed an earth elemental
  1769 | D        | Noticed a centaur
  1769 | D        | Noticed a centaur warrior
  1769 | D        | Noticed a centaur
  1788 | D        | Killed a centaur warrior
  1788 | D        | Reached skill level 12 in Maces & Flails
  1788 | D        | Reached skill level 5 in Invocations
  1788 | D        | Reached XP level 9. HP: 74/84 MP: 11/11
  1790 | D        | Killed a centaur
  1793 | D        | Killed a centaur
  2195 | D        | Killed an unseen horror
  2195 | D        | Reached skill level 13 in Armour
  2347 | D        | Noticed a killer bee
  2347 | D        | Noticed a killer bee
  2347 | D        | Noticed a killer bee
  2347 | D        | Noticed a killer bee
  2347 | D        | Noticed a killer bee
  2347 | D        | Noticed a killer bee
  2347 | D        | Noticed a killer bee
  2347 | D        | Noticed a killer bee
  2347 | D        | Noticed a killer bee
  2347 | D        | Noticed a killer bee
  2347 | D        | Noticed a killer bee
  2347 | D        | Noticed a killer bee
  2347 | D        | Noticed a killer bee
  2347 | D        | Noticed a killer bee
  2347 | D        | Noticed a queen bee
  2348 | D        | Noticed a killer bee
  2348 | D        | Noticed a killer bee
  2349 | D        | Noticed a killer bee
  2349 | D        | Noticed a killer bee
  2350 | D        | Noticed a killer bee
  2350 | D        | Killed a killer bee
  2350 | D        | Reached skill level 10 in Fighting
  2355 | D        | Noticed a killer bee
  2356 | D        | Noticed a killer bee
  2356 | D        | Noticed a killer bee
  2356 | D        | Noticed a killer bee
  2357 | D        | Noticed a killer bee
  2357 | D        | Killed a killer bee
  2358 | D        | Noticed a killer bee
  2359 | D        | Noticed a killer bee
  2359 | D        | Killed a killer bee
  2361 | D        | Noticed a killer bee
  2362 | D        | Noticed a killer bee
  2363 | D        | Noticed a killer bee
  2363 | D        | Noticed a killer bee
  2365 | D        | Noticed a killer bee
  2366 | D        | Noticed a killer bee
  2366 | D        | Killed a killer bee
  2368 | D        | Killed a killer bee
  2369 | D        | Killed a killer bee
  2373 | D        | Killed a killer bee
  2376 | D        | Killed a killer bee
  2377 | D        | Killed a killer bee
  2383 | D        | Killed a killer bee
  2388 | D        | Killed a killer bee
  2392 | D        | Killed a killer bee
  2395 | D        | Killed a killer bee
  2399 | D        | Killed a killer bee
  2405 | D        | Killed a killer bee
  2409 | D        | Killed a killer bee
  2409 | D        | Reached XP level 10. HP: 50/93 MP: 13/13
  2412 | D        | Killed a killer bee
  2413 | D        | Killed a killer bee
  2418 | D        | Killed a killer bee
  2429 | D        | Killed a killer bee
  2429 | D        | Acquired Okawaru's second power
  2432 | D        | Killed a killer bee
  2436 | D        | Killed a killer bee
  2443 | D        | Killed a killer bee
  2445 | D        | Killed a killer bee
  2453 | D        | Killed a killer bee
  2455 | D        | Killed a killer bee
  2459 | D        | Killed a killer bee
  2467 | D        | Killed a killer bee
  2476 | D        | Killed a killer bee
  2492 | D        | Killed a queen bee
  2492 | D        | Reached skill level 14 in Shields
  2500 | D        | Killed a killer bee
  2502 | D        | Killed a killer bee
  2504 | D        | Killed a killer bee
  2801 | D        | Noticed a wandering mushroom
  2806 | D        | Noticed a wandering mushroom
  2850 | D        | Killed a yaktaur
  2860 | D        | Killed an eight-headed hydra
  2870 | D        | Killed an eight-headed hydra
  2904 | D        | Killed a wandering mushroom
  2911 | D        | Killed a wandering mushroom
  2913 | D        | Noticed a wandering mushroom
  2925 | D        | Killed a wandering mushroom
  2965 | D        | Noticed a spiny frog
  2965 | D        | Noticed a komodo dragon
  2965 | D        | Noticed a spiny frog
  2971 | D        | Killed a spiny frog
  2979 | D        | Killed a komodo dragon
  2986 | D        | Killed a spiny frog
  3165 | D        | Noticed a redback
  3168 | D        | Killed a redback
  3171 | D        | Noticed a brain worm
  3179 | D        | Killed a brain worm
  3185 | D        | Noticed a brain worm
  3187 | D        | Killed a brain worm
  3190 | D        | Noticed a lindwurm
  3192 | D        | Noticed a redback
  3197 | D        | Killed a lindwurm
  3197 | D        | Reached skill level 10 in Dodging
  3203 | D        | Killed a redback
  3211 | D        | Noticed a redback
  3216 | D        | Killed a redback
  3216 | D        | Reached skill level 15 in Shields
  3217 | D        | Noticed Maud
  3244 | D        | Killed Maud
  3244 | D        | Reached skill level 15 in Maces & Flails
  3244 | D        | Reached skill level 15 in Armour
  3244 | D        | Reached XP level 11. HP: 48/102 MP: 13/16
  3455 | D        | Noticed an electric eel
  3459 | D        | Killed an electric eel
  3461 | D        | Noticed a death drake
  3470 | D        | HP: 2/96 [death drake] (6)]
  3470 | D        | Succumbed to a death drake's dark miasma

Vault maps used:
D:        dungeon_sprint_mu

Action                   |  1- 3 |  4- 6 |  7- 9 | 10-12 || total
-------------------------+-------+-------+-------+-------++-------
Melee: Flail             |    20 |    30 |   145 |   213 ||   408
Invok: Heroism           |       |       |     4 |     4 ||     8
       Finesse           |       |       |       |     1 ||     1
  Use: Scroll            |       |     4 |       |       ||     4
       Potion            |       |     4 |       |     1 ||     5
 Stab: Sleeping          |       |       |       |     2 ||     2
  Eat: Bread ration      |       |       |     1 |       ||     1
       Meat ration       |       |       |       |     1 ||     1
